[Event "December 19 Early 2023"]
[Site "https://www.chess.com"]
[Date "2023.12.19"]
[Round "2"]
[White "Hong, Andrew"]
[Black "Kashefi, Amir Hosein"]
[Result "0-1"]
[Board "65"]
[TimeControl "180+1"]
[WhiteFideId "2099438"]
[BlackFideId "12557935"]
[WhiteElo "2460"]
[BlackElo "2109"]
[WhiteTeam "USA"]
[BlackTeam "IRI"]
[WhiteClock "0:00:00"]
[BlackClock "0:00:02"]

1. d4 Nf6 2. c4 e6 3. Nc3 Bb4 4. e3 b6 5. Bd2 Bb7 6. Nf3 O-O 7. Bd3 d6 8. O-O Nbd7 9. Qc2 Re8 10. e4 e5 11. d5 a5 12. Nb1 Nc5 13. b3 Bc8 14. a3 Bxd2 15. Nfxd2 Bg4 16. Nc3 Bh5 17. b4 Ncd7 18. Nb5 Bg6 19. Be2 Qc8 20. Bf3 Qb7 21. Nb3 axb4 22. axb4 Nf8 23. Nd2 Rec8 24. Qb2 h6 25. Rxa8 Rxa8 26. Ra1 Rxa1+ 27. Qxa1 N8d7 28. Qa4 Kf8 29. Nc3 Ke7 30. Bd1 Nb8 31. f3 Qa6 32. Qb3 Qa1 33. Kf2 Ne8 34. Ke2 Nd7 35. Kd3 f5 36. Qa2 Qc1 37. Qb1 Qa3 38. Kc2 fxe4 39. fxe4 Ndf6 40. Qb2 Qa6 41. Kd3 Nh5 42. g3 Nhf6 43. Ba4 Qc8 44. Nf1 Qg4 45. Qg2 Qh5 46. Nd2 Bh7 47. h3 Qf7 48. Qf3 Qf8 49. Ke2 Qf7 50. Bc6 Bg6 51. Nb5 Bh5 52. g4 Bg6 53. Bxe8 Nxe8 54. Qxf7+ Kxf7 55. Ke3 Ke7 56. Nf3 Kd7 57. Nh4 Bh7 58. Ng2 Nf6 59. Nc3 Bg6 60. Nh4 Bh7 61. Nf3 g5 62. Nd2 Bg6 63. Kd3 Ne8 64. Kc2 Nf6 65. Kb3 Kd8 0-1

[Event "December 19 Early 2023"]
[Site "https://www.chess.com"]
[Date "2023.12.19"]
[Round "2"]
[White "Finek, Vaclav"]
[Black "Liang, Justin"]
[Result "1-0"]
[Board "66"]
[TimeControl "180+1"]
[WhiteFideId "23718293"]
[BlackFideId "2099942"]
[WhiteElo "2309"]
[BlackElo "2551"]
[WhiteTeam "CZE"]
[BlackTeam "USA"]
[WhiteClock "0:00:34"]
[BlackClock "0:00:04"]

1. Nf3 Nf6 2. g3 g6 3. Bg2 Bg7 4. O-O O-O 5. d4 d6 6. c4 Nc6 7. Nc3 e5 8. dxe5 dxe5 9. Bg5 Be6 10. Qc1 Qc8 11. Rd1 Nd7 12. Nd5 Re8 13. Nd2 h6 14. Be3 Nd4 15. Re1 c6 16. Nb4 Nf6 17. Nc2 Ng4 18. Nxd4 exd4 19. Bf4 g5 20. Bd6 Qd7 21. c5 f5 22. Qc2 Qf7 23. Rad1 Rad8 24. b3 Bc8 25. Nc4 f4 26. Rf1 Qh5 27. h3 Nf6 28. g4 Bxg4 29. hxg4 Nxg4 30. Rfe1 Qh2+ 31. Kf1 Rd7 32. Rd3 Qh4 33. Rf3 Nh2+ 34. Kg1 Nxf3+ 35. Bxf3 g4 36. Qg6 Rf7 37. Qxg4 Qg5 38. Qxg5 hxg5 39. Kg2 Rf6 40. Bg4 Bf8 41. Rd1 Bxd6 42. Nxd6 Rd8 43. Nxb7 Rd5 44. Bf3 Rd7 45. Nd6 Kg7 46. Bg4 Rdxd6 47. cxd6 Rxd6 48. Kf3 Kf6 49. Ke4 Rd5 50. Rxd4 Re5+ 51. Kd3 Ra5 52. Rd6+ Ke5 53. Rxc6 Rxa2 54. Rc5+ Kf6 55. Rf5+ Kg6 56. Rb5 Ra1 57. f3 Rd1+ 58. Kc4 Rd2 59. Re5 Kf6 60. Re6+ Kf7 61. Re4 Kf6 62. Kb5 Rb2 63. b4 Ra2 64. Kc6 a6 65. Kb6 Kf7 66. Bc8 Kf6 67. Bxa6 g4 68. fxg4 Kg5 69. Bc8 Ra3 70. Bf5 Rb3 71. b5 Rb2 72. Kc5 Rc2+ 73. Kb4 Rb2+ 74. Kc4 Rc2+ 75. Kb3 Rc5 76. Kb4 Rc2 77. b6 Rb2+ 78. Kc5 f3 79. exf3 1-0

[Event "December 19 Early 2023"]
[Site "https://www.chess.com"]
[Date "2023.12.19"]
[Round "2"]
[White "Estrada Nieto, Julian"]
[Black "Yanchenko, Roman"]
[Result "0-1"]
[Board "67"]
[TimeControl "180+1"]
[WhiteFideId "5101018"]
[BlackFideId "4137329"]
[WhiteElo "2161"]
[BlackElo "2478"]
[WhiteTeam "ESP"]
[BlackTeam "RUS"]
[WhiteClock "0:00:00"]
[BlackClock "0:00:08"]

1. e4 e6 2. d4 d5 3. Nd2 c5 4. exd5 exd5 5. Ngf3 Nc6 6. Bb5 c4 7. Ne5 Ne7 8. O-O a6 9. Bxc6+ Nxc6 10. Ndf3 Nxe5 11. Nxe5 Bd6 12. Re1 O-O 13. Qf3 Be6 14. Bf4 Re8 15. Ng4 Qd7 16. Bxd6 Bxg4 17. Qg3 f6 18. h3 Bf5 19. c3 Qb5 20. Ba3 h5 21. Qf3 Bg6 22. Qg3 Kh7 23. Qh4 a5 24. g4 Rxe1+ 25. Rxe1 Re8 26. f3 Qd7 27. gxh5 Rxe1+ 28. Qxe1 Bxh5 29. Kg2 Qf5 30. Qf2 Bg6 31. Bd6 Qb1 32. a3 Bf5 33. Qh4+ Kg8 34. Qf2 Bc2 35. Qe2 Bg6 36. Bf4 Kh7 37. Bg3 Bc2 38. h4 Qxb2 39. h5 Qxc3 40. Bf2 Bf5 41. Qe7 Qd2 42. Qc7 c3 43. Kg3 c2 44. Be3 Qxe3 0-1

[Event "December 19 Early 2023"]
[Site "https://www.chess.com"]
[Date "2023.12.19"]
[Round "2"]
[White "Dragun, Kamil"]
[Black "Gong, Qianyun"]
[Result "0-1"]
[Board "68"]
[TimeControl "180+1"]
[WhiteFideId "1134167"]
[BlackFideId "8602425"]
[WhiteElo "2551"]
[BlackElo "2157"]
[WhiteTeam "POL"]
[BlackTeam "SGP"]
[WhiteClock "0:00:14"]
[BlackClock "0:01:09"]

1. d4 d5 2. c4 c6 3. Nc3 Nf6 4. e3 Bf5 5. cxd5 cxd5 6. Qb3 Nc6 7. Qxb7 Bd7 8. Qb3 Rb8 9. Qd1 e5 10. dxe5 Nxe5 11. Be2 Bd6 12. Nf3 O-O 13. O-O Qc7 14. Nd4 Nc4 15. h3 Nxb2 16. Bxb2 Rxb2 17. Ncb5 Bxb5 18. Nxb5 Bh2+ 19. Kh1 Qb8 20. Nd4 Ne4 21. Qe1 Be5 22. Nc6 Qd6 23. Nxe5 Qxe5 24. Bd3 Nxf2+ 0-1

[Event "December 19 Early 2023"]
[Site "https://www.chess.com"]
[Date "2023.12.19"]
[Round "2"]
[White "Korchynskyi, Mykola"]
[Black "Lagarde, Maxime"]
[Result "0-1"]
[Board "69"]
[TimeControl "180+1"]
[WhiteFideId "34138005"]
[BlackFideId "662399"]
[WhiteElo "2007"]
[BlackElo "2564"]
[WhiteTeam "UKR"]
[BlackTeam "FRA"]
[WhiteClock "0:00:05"]
[BlackClock "0:00:12"]

1. d4 d5 2. c4 c6 3. Nc3 Nf6 4. cxd5 cxd5 5. Bf4 Bf5 6. e3 e6 7. Nf3 Bd6 8. Bg3 O-O 9. Bd3 Ne4 10. O-O Nxc3 11. bxc3 Bxd3 12. Qxd3 Bxg3 13. hxg3 Nc6 14. c4 Rc8 15. c5 b6 16. cxb6 Qxb6 17. Rfc1 Na5 18. Ne5 Rxc1+ 19. Rxc1 Qb2 20. Rc7 Nb7 21. Qa6 Nd8 22. Qxa7 Qd2 23. Qa6 Qd1+ 24. Qf1 Qd2 25. Qa1 f6 26. Nd7 Re8 27. Nc5 h5 28. Qb1 f5 29. Nd7 Nf7 30. Qb7 h4 31. gxh4 Qe1+ 32. Kh2 Qxf2 33. Nf6+ gxf6 34. Rxf7 Qxh4+ 35. Kg1 Qg3 36. Rc7 Qxe3+ 37. Kf1 Qf4+ 38. Ke2 Qg4+ 39. Kf1 Qd1+ 40. Kf2 Qxd4+ 41. Kf1 Qf4+ 42. Kg1 Qe3+ 43. Kf1 Qg5 44. Qc6 Rf8 45. Qxe6+ Kh8 46. Qe7 Qh6 47. Rd7 Rc8 48. Rxd5 Qf4+ 49. Ke2 Rc2+ 50. Ke1 Rc1+ 51. Rd1 Qg3+ 52. Kd2 Qg5+ 53. Ke2 Qxg2+ 54. Ke3 Qg3+ 55. Ke2 Qg4+ 56. Ke3 Rxd1 57. Qf8+ Kh7 58. Qf7+ Kh6 59. Qxf6+ Kh5 60. Qf7+ Kh4 61. Qh7+ Kg3 62. Qc7+ f4+ 63. Ke4 Qe2+ 64. Kf5 Rd5+ 65. Kg6 Qe6+ 66. Kg7 Rd7+ 67. Qxd7 Qxd7+ 68. Kf8 Qd8+ 69. Kf7 Qd6 0-1

[Event "December 19 Early 2023"]
[Site "https://www.chess.com"]
[Date "2023.12.19"]
[Round "2"]
[White "Mortazavi, Ali"]
[Black "Garcia Ramos, Daniel"]
[Result "0-1"]
[Board "70"]
[TimeControl "180+1"]
[WhiteFideId "401323"]
[BlackFideId "32010311"]
[WhiteElo "2339"]
[BlackElo "2363"]
[WhiteTeam "ENG"]
[BlackTeam "ESP"]
[WhiteClock "0:00:00"]
[BlackClock "0:00:03"]

1. Nf3 Nf6 2. g3 d5 3. Bg2 e6 4. O-O Be7 5. d3 O-O 6. Nbd2 c5 7. e4 Nc6 8. Re1 h6 9. e5 Nd7 10. Nf1 b5 11. h4 Re8 12. N1h2 a5 13. Ng4 Bf8 14. Bf4 b4 15. Qd2 Nd4 16. Nxd4 cxd4 17. Bxh6 gxh6 18. Nxh6+ Kg7 19. Ng4 Kg8 20. Qf4 Bg7 21. h5 Ra6 22. h6 Bh8 23. a3 f6 24. h7+ Kf7 25. exf6 Bxf6 26. axb4 e5 27. Bxd5+ Ke7 28. b5 Rd6 29. Bc6 Kf7 30. Qh6 Qe7 31. Qh5+ Kg7 32. Nh6 Qe6 33. Nf5+ Kh8 34. Nh6 Rf8 35. Be4 Bg7 36. Nf5 Nf6 37. Nxd6 Nxh5 38. Nxc8 Qxc8 39. Rxa5 Nf6 40. Bg2 Qc7 41. Rea1 Ng4 0-1

[Event "December 19 Early 2023"]
[Site "https://www.chess.com"]
[Date "2023.12.19"]
[Round "2"]
[White "Silva Lucena, Cristian"]
[Black "Suyarov, Mukhammadzokhid"]
[Result "1-0"]
[Board "71"]
[TimeControl "180+1"]
[WhiteFideId "2232588"]
[BlackFideId "14210495"]
[WhiteElo "2248"]
[BlackElo "2449"]
[WhiteTeam "ESP"]
[BlackTeam "UZB"]
[WhiteClock "0:00:20"]
[BlackClock "0:00:09"]

1. Nf3 Nf6 2. c4 g6 3. b3 Bg7 4. Bb2 O-O 5. g3 d6 6. d4 Nbd7 7. Bg2 e5 8. dxe5 Ng4 9. Nc3 Ngxe5 10. Nxe5 Nxe5 11. O-O Re8 12. Qd2 a5 13. Nb5 Nd7 14. Bxg7 Kxg7 15. Rad1 Nf6 16. a4 Qe7 17. Qd4 Rb8 18. Rfe1 b6 19. Rd2 Bb7 20. Bxb7 Rxb7 21. e3 Rd8 22. Red1 Kg8 23. f3 Nd7 24. e4 Nc5 25. Qc3 Rbb8 26. Nd4 Qd7 27. e5 Re8 28. exd6 Qxd6 29. Nb5 Qc6 30. Rd5 Re6 31. Nd4 Qe8 32. Nxe6 Nxe6 33. Re5 Qc6 34. Qe3 Re8 35. Re1 Qd6 36. f4 Rd8 37. f5 Nd4 38. Re8+ Rxe8 39. Qxe8+ Kg7 40. fxg6 hxg6 41. Qe3 Qf6 42. Kg2 Nc6 43. Rf1 Qb2+ 44. Rf2 Qa1 45. Qf3 Ne5 46. Qf6+ Kg8 47. Rd2 Kh7 48. Re2 Qd1 49. Qxe5 Qd3 50. Qe3 Qd6 51. Rf2 Qc6+ 52. Qf3 Qd6 53. Qxf7+ Kh6 54. Qf8+ Qxf8 55. Rxf8 Kg7 56. Rc8 Kf6 57. Rxc7 Ke5 58. Rc6 1-0

[Event "December 19 Early 2023"]
[Site "https://www.chess.com"]
[Date "2023.12.19"]
[Round "2"]
[White "Samunenkov, Ihor"]
[Black "aksuliini1"]
[Result "1/2-1/2"]
[Board "72"]
[TimeControl "180+1"]
[WhiteFideId "14187086"]
[WhiteElo "2473"]
[BlackElo "2545"]
[WhiteTeam "UKR"]
[WhiteClock "0:00:07"]
[BlackClock "0:00:06"]

1. d4 Nf6 2. c4 e6 3. Nf3 d5 4. g3 Be7 5. Bg2 O-O 6. Qc2 dxc4 7. Qxc4 Nbd7 8. O-O c5 9. Rd1 Qb6 10. Nc3 cxd4 11. Nxd4 a6 12. Qb3 Qc7 13. h3 Nc5 14. Qc2 Bd7 15. Be3 Rac8 16. Rac1 b5 17. b4 Nb7 18. Qb3 Qb8 19. Bf4 e5 20. Bxe5 Qxe5 21. Bxb7 Rc4 22. Nf3 Qc7 23. Bd5 Rxb4 24. Qc2 Rc8 25. Ng5 Be8 26. Bg2 Rc4 27. Rd3 b4 28. Qd1 Rxc3 29. Rdxc3 bxc3 30. Qb3 h6 31. Nf3 c2 32. Nd4 Qe5 33. Nxc2 Qxe2 34. Bf3 Qe5 35. Re1 Qd6 36. Ne3 Bd7 37. Rd1 Qc7 38. Nd5 Nxd5 39. Bxd5 Be8 40. h4 Bf6 41. Re1 Rd8 42. Bf3 Bd7 43. Kg2 Be6 44. Qe3 Bd4 45. Qe2 Qc5 46. Rd1 Rb8 47. Be4 Rb2 48. Rd2 Rxd2 49. Qxd2 f5 50. Bd3 Bd5+ 51. Kg1 Bc3 52. Qe2 Be4 53. Bxe4 fxe4 54. Qxe4 Bf6 55. Qe6+ Kh8 56. Qxa6 Qc1+ 57. Kg2 Qb2 58. Qa8+ Kh7 59. Qe4+ Kg8 60. a4 Bd4 61. Qd5+ Kh8 62. Qa8+ Kh7 63. Qe4+ Kg8 64. Qe8+ Kh7 65. Qe4+ g6 66. Qf3 Kg7 67. Qf4 Be5 68. Qc4 Qd4 69. Qc6 Qd6 70. Qb7+ Kf6 71. a5 Ke6 72. a6 Bd4 73. a7 Bxa7 74. Qxa7 Qd5+ 75. Kg1 Qd1+ 76. Kh2 Qf3 77. Qb6+ Kf7 78. Qc7+ Kg8 79. Qd8+ Kg7 80. Qe7+ Kg8 81. Qe6+ Kg7 82. Qe5+ Kg8 83. Qb8+ Kg7 84. Qa7+ Kg8 85. Qc5 Kh7 86. Kg1 h5 87. Qe7+ Kg8 88. Qe8+ Kg7 89. Qe7+ Kg8 90. Qe6+ Kg7 91. Qe5+ Kg8 92. Qe3 Qd1+ 93. Kg2 Qd5+ 94. Kh2 Qf5 95. Qe8+ Kg7 96. Qe7+ Kg8 97. Qa7 Qf3 98. Qb6 Kg7 99. Qb2+ Kg8 100. Qd2 Kg7 101. Kg1 Qf5 102. Kf1 Qf3 103. Qe3 Qh1+ 104. Ke2 Qc6 105. Qd4+ Kh7 106. Ke3 Qe6+ 107. Qe4 Qb3+ 108. Kf4 Qf7+ 109. Ke3 Qb3+ 110. Qd3 Qe6+ 111. Kd2 Qf6 112. Qe3 Qd6+ 113. Ke2 Qd7 114. Qe4 Qb5+ 115. Kf3 Qd7 116. Kg2 Qf7 117. f3 Qd7 118. Qe2 Qf7 119. Qd2 Qe7 120. Kf2 Qf7 121. Qd3 Qe7 122. Qe4 Qf6 123. Qb7+ Kh8 124. Qc8+ Kg7 125. Qd7+ Kg8 126. Qd5+ Kg7 127. Ke3 Qc3+ 128. Ke4 Qe1+ 129. Kf4 Qc1+ 130. Ke5 Qe3+ 131. Qe4 Qc5+ 132. Ke6 Qb6+ 133. Kd5 Qb7+ 134. Kd4 Qb6+ 135. Kd3 Qb1+ 136. Ke2 Qb2+ 137. Kf1 Qc1+ 138. Kg2 Qd2+ 139. Kh3 Qd7+ 140. g4 hxg4+ 141. fxg4 Qd2 142. Qe7+ Kg8 143. Qe8+ Kg7 144. Qe5+ Kg8 145. Kg3 Qd3+ 146. Kf4 Qd2+ 147. Qe3 Qd8 148. Qe6+ Kg7 149. Qe5+ Kg8 150. Kg3 Qd3+ 151. Kg2 Qd2+ 152. Kh3 Qd3+ 153. Qg3 Qe4 154. Qb3+ Kg7 155. Qc3+ Kg8 156. Kg3 Qe2 157. Qc8+ Kg7 158. Qd7+ Kg8 159. Qd5+ Kg7 160. Qd4+ Kg8 161. Kf4 Qe7 162. Qd5+ Kh7 163. Kg3 Qe3+ 164. Qf3 Qe5+ 165. Qf4 Qe1+ 166. Qf2 Qe5+ 167. Kh3 Qe4 168. Qg3 Qh1+ 169. Qh2 Qf3+ 170. Qg3 Qh1+ 171. Qh2 Qf3+ 172. Qg3 Qh1+ 1/2-1/2

[Event "December 19 Early 2023"]
[Site "https://www.chess.com"]
[Date "2023.12.19"]
[Round "2"]
[White "Teterev, Vitaly"]
[Black "Onyshchuk, Volodymyr"]
[Result "1-0"]
[Board "73"]
[TimeControl "180+1"]
[WhiteFideId "13501429"]
[BlackFideId "14114038"]
[WhiteElo "2299"]
[BlackElo "2643"]
[WhiteTeam "BLR"]
[BlackTeam "UKR"]
[WhiteClock "0:00:03"]
[BlackClock "0:00:00"]

1. e4 d6 2. d4 Nf6 3. Bd3 e5 4. c3 Nc6 5. Nf3 g6 6. O-O Bg7 7. Re1 O-O 8. h3 a5 9. a4 d5 10. exd5 Nxd5 11. dxe5 Be6 12. Bg5 Qd7 13. Bb5 h6 14. Bh4 g5 15. Bg3 Rad8 16. Nbd2 Qc8 17. Qe2 Nce7 18. Nd4 Nf5 19. Nxf5 Bxf5 20. Nb3 c6 21. Bc4 Rfe8 22. Nd4 Bg6 23. Rad1 Kh8 24. Bd3 Ne7 25. Bxg6 Nxg6 26. Qh5 Kh7 27. Qf3 Kg8 28. Qh5 Kh7 29. Nf3 Rxd1 30. Rxd1 Kg8 31. Qg4 Qxg4 32. hxg4 Bxe5 33. Re1 f6 34. Bxe5 Nxe5 35. Nxe5 fxe5 36. Rd1 Kf7 37. Rd6 Re6 38. Rd7+ Re7 39. Rd8 e4 40. Kf1 Ke6 41. Rh8 Ke5 42. g3 Re6 43. Ke2 Kd5 44. b3 Kc5 45. Rc8 Rd6 46. Re8 Rd3 47. Re5+ Kd6 48. Rxe4 Rxc3 49. Re3 Rxe3+ 50. Kxe3 b5 51. f4 gxf4+ 52. gxf4 Kd5 53. Kd3 b4 54. Ke3 c5 55. f5 Ke5 56. Kd3 Kd5 57. Ke2 c4 58. bxc4+ Ke5 59. Kd3 1-0

[Event "December 19 Early 2023"]
[Site "https://www.chess.com"]
[Date "2023.12.19"]
[Round "2"]
[White "O`Gorman, Tom"]
[Black "IM_ArthurDW08"]
[Result "0-1"]
[Board "74"]
[TimeControl "180+1"]
[WhiteFideId "2508249"]
[WhiteElo "2288"]
[BlackElo "2758"]
[WhiteTeam "IRL"]
[WhiteClock "0:00:12"]
[BlackClock "0:00:09"]

1. c4 e6 2. Nf3 Nf6 3. g3 d5 4. Bg2 Be7 5. O-O O-O 6. b3 c6 7. Bb2 b6 8. d3 Bb7 9. Nbd2 Nbd7 10. Ne5 Nxe5 11. Bxe5 Nd7 12. Bb2 Bf6 13. Qc2 a5 14. Rfc1 Bxb2 15. Qxb2 a4 16. b4 c5 17. a3 Rb8 18. Qc2 dxc4 19. Nxc4 Bxg2 20. Kxg2 cxb4 21. axb4 b5 22. Na5 Qb6 23. Qc6 Qd4 24. Qc3 Qd5+ 25. e4 Qh5 26. Qc7 Ne5 27. Nc6 Qf3+ 28. Kg1 Nxd3 29. Nxb8 Qxf2+ 30. Kh1 Qf3+ 31. Kg1 Qe3+ 32. Kg2 Qxe4+ 33. Kg1 Qe3+ 34. Kg2 Qd2+ 35. Kg1 Nxc1 36. Rxc1 Qxb4 37. Nd7 Qd4+ 38. Kg2 Re8 39. Ne5 Qd2+ 40. Kg1 Qe3+ 41. Kg2 Qe4+ 42. Kg1 Qe3+ 43. Kg2 Rf8 44. Rf1 Qe4+ 45. Kg1 f6 46. Nd7 Ra8 47. Nc5 Qd4+ 48. Kg2 Qd5+ 49. Kg1 a3 50. Qb7 Qxc5+ 0-1

[Event "December 19 Early 2023"]
[Site "https://www.chess.com"]
[Date "2023.12.19"]
[Round "2"]
[White "Javakhadze, Zurab"]
[Black "Khamdamova, Afruza"]
[Result "0-1"]
[Board "75"]
[TimeControl "180+1"]
[WhiteFideId "13603647"]
[BlackFideId "14210444"]
[WhiteElo "2374"]
[BlackElo "2295"]
[WhiteTeam "GEO"]
[BlackTeam "UZB"]
[WhiteClock "0:00:01"]
[BlackClock "0:00:12"]

1. Nf3 Nf6 2. g3 d5 3. Bg2 c5 4. O-O Nc6 5. d4 e6 6. c4 dxc4 7. Ne5 Bd7 8. Na3 cxd4 9. Naxc4 Bc5 10. Qb3 Rb8 11. Bf4 Rc8 12. Qxb7 Nxe5 13. Bxe5 O-O 14. Rac1 Nd5 15. Rfd1 Bc6 16. Qb3 Ne7 17. Bxc6 Nxc6 18. Bf4 Qe7 19. Ne5 Nxe5 20. Bxe5 Rfd8 21. Qc4 Qb7 22. Bxd4 Bxd4 23. Rxd4 Rf8 24. b3 Rxc4 25. Rdxc4 Qa6 26. R1c2 h6 27. f3 Qd6 28. Kf2 Qb6+ 29. Kg2 Rd8 30. Re4 Rd1 31. h4 Qg1+ 32. Kh3 h5 0-1

[Event "December 19 Early 2023"]
[Site "https://www.chess.com"]
[Date "2023.12.19"]
[Round "2"]
[White "Hirneise, Jens"]
[Black "Chan, Yi Ren Daniel"]
[Result "0-1"]
[Board "76"]
[TimeControl "180+1"]
[WhiteFideId "24614734"]
[BlackFideId "5801583"]
[WhiteElo "2311"]
[BlackElo "2375"]
[WhiteTeam "GER"]
[BlackTeam "SGP"]
[WhiteClock "0:00:00"]
[BlackClock "0:00:16"]

1. d4 d5 2. Bf4 c5 3. e3 Nc6 4. c3 Qb6 5. Qb3 c4 6. Qxb6 axb6 7. Nd2 Nf6 8. e4 b5 9. f3 e6 10. Nh3 b4 11. Nf2 Be7 12. Be2 O-O 13. O-O b5 14. Rfc1 Bd7 15. Nd1 Ra7 16. cxb4 Bxb4 17. Nc3 Bxc3 18. bxc3 Rfa8 19. Rcb1 b4 20. cxb4 Nxd4 21. Be3 Nxe2+ 22. Kf2 d4 23. Kxe2 dxe3 24. Nxc4 Rxa2+ 25. Rxa2 Rxa2+ 26. Kxe3 Ra4 27. Nb6 Ra3+ 28. Kd4 Be8 29. Nc4 Ra8 30. b5 Rd8+ 31. Kc5 Nd7+ 32. Kd6 Rc8 33. Na5 Nb6 34. Nc6 Kf8 35. Kc5 Nd7+ 36. Kd6 Nb8 37. Nxb8 Rxb8 38. b6 Rb7 39. Kc5 Ke7 40. Ra1 Rb8 41. Ra7+ Bd7 42. b7 e5 43. Kb6 Kd6 44. Ra8 Rxb7+ 45. Kxb7 Bc6+ 46. Ka7 Bxa8 47. Kxa8 Kc5 48. Kb7 g6 49. g4 h5 50. gxh5 gxh5 51. Kc7 h4 52. Kd7 Kd4 53. Kd6 h3 54. Ke7 Ke3 55. Kxf7 Kxf3 56. Kf6 Kxe4 57. Kg5 Kf3 58. Kh4 e4 59. Kxh3 e3 0-1

[Event "December 19 Early 2023"]
[Site "https://www.chess.com"]
[Date "2023.12.19"]
[Round "2"]
[White "Aaron, Deepak"]
[Black "Gabrielian, Artur"]
[Result "0-1"]
[Board "77"]
[TimeControl "180+1"]
[WhiteFideId "2009412"]
[BlackFideId "4131002"]
[WhiteElo "2257"]
[BlackElo "2441"]
[WhiteTeam "USA"]
[BlackTeam "RUS"]
[WhiteClock "0:00:17"]
[BlackClock "0:01:18"]

1. d4 Nf6 2. c4 c5 3. d5 e6 4. Nc3 exd5 5. cxd5 d6 6. e4 g6 7. Nge2 h5 8. h4 Bg7 9. Ng3 O-O 10. Be2 Re8 11. O-O a6 12. a4 Nbd7 13. Bg5 Qc7 14. f4 Nh7 15. Bxh5 Nxg5 16. hxg5 gxh5 17. Qxh5 Nf8 18. e5 dxe5 19. f5 e4 20. Ncxe4 Qe5 21. Rae1 Qd4+ 22. Kh1 Bd7 23. f6 Bh8 24. g6 Nxg6 25. Ng5 Qh4+ 26. Qxh4 Nxh4 27. N3e4 Re5 28. Nxc5 Rxg5 29. Nxd7 Rd8 30. Nb6 Nf5 31. Rf3 Bxf6 32. Ref1 Rh5+ 33. Rh3 Ng3+ 34. Kg1 Bd4+ 0-1

[Event "December 19 Early 2023"]
[Site "https://www.chess.com"]
[Date "2023.12.19"]
[Round "2"]
[White "Kozak, Antoni"]
[Black "Goltseva, Ekaterina"]
[Result "1-0"]
[Board "78"]
[TimeControl "180+1"]
[WhiteFideId "21832030"]
[BlackFideId "24173770"]
[WhiteElo "2470"]
[BlackElo "2139"]
[WhiteTeam "POL"]
[BlackTeam "RUS"]
[WhiteClock "0:00:25"]
[BlackClock "0:00:07"]

1. d4 e6 2. Nf3 Nf6 3. Bg5 h6 4. Bh4 c5 5. e3 Nc6 6. c3 d5 7. Nbd2 Be7 8. Bd3 O-O 9. Qe2 b6 10. O-O Bb7 11. Rad1 Qc7 12. Bg3 Bd6 13. Bxd6 Qxd6 14. e4 dxe4 15. Nxe4 Nxe4 16. Bxe4 Rad8 17. Rd2 cxd4 18. Nxd4 Nxd4 19. Rxd4 Qc7 20. Rfd1 Rxd4 21. Rxd4 Bxe4 22. Qxe4 Rd8 23. g3 Rxd4 24. Qxd4 e5 25. Qd5 Qe7 26. b4 e4 27. Qd4 Qe6 28. a4 Qa2 29. b5 Qc2 30. h4 h5 31. Kg2 g6 32. Qd8+ Kg7 33. Qd4+ Kg8 34. Kf1 Qc1+ 35. Ke2 f5 36. Qd5+ Kg7 37. Qe5+ Kf7 38. Qc7+ Kf6 39. Qd8+ Kf7 40. Qd7+ Kf6 41. Qd6+ Kf7 42. Qc7+ Kg8 43. Qb8+ Kg7 44. Qxa7+ Kh6 45. Qxb6 Qc2+ 46. Kf1 Qd1+ 47. Kg2 Qf3+ 48. Kg1 f4 49. Qd4 e3 50. Qh8# 1-0

[Event "December 19 Early 2023"]
[Site "https://www.chess.com"]
[Date "2023.12.19"]
[Round "2"]
[White "Weetik, Vjacheslav"]
[Black "Kleinman, Michael"]
[Result "0-1"]
[Board "79"]
[TimeControl "180+1"]
[WhiteFideId "4153472"]
[BlackFideId "2609479"]
[WhiteElo "2469"]
[BlackElo "2287"]
[WhiteTeam "RUS"]
[BlackTeam "CAN"]
[WhiteClock "0:00:00"]
[BlackClock "0:00:10"]

1. e4 c6 2. d4 d5 3. exd5 cxd5 4. Bd3 Nc6 5. c3 Nf6 6. Bf4 Bg4 7. Qb3 Qc8 8. Nd2 e6 9. Ngf3 Be7 10. O-O O-O 11. Rae1 a6 12. Ne5 Nxe5 13. Bxe5 Bh5 14. Re3 Bg6 15. Be2 Nd7 16. Bg3 Qc6 17. a4 Bd6 18. Bxd6 Qxd6 19. Ra1 Rfc8 20. h3 Rc7 21. Bf1 Rac8 22. Nf3 Nf6 23. Ne5 Ne4 24. a5 Bf5 25. Qa3 f6 26. Nd3 Kf7 27. g4 Bg6 28. Qxd6 Nxd6 29. Nc5 e5 30. b4 e4 31. f3 f5 32. gxf5 Nxf5 33. Ree1 exf3 34. Kf2 Bh5 35. Re5 Nd6 36. Rxh5 Ne4+ 37. Kxf3 Nxc3 38. Rxh7 Kg6 39. Rh4 Rf7+ 40. Kg2 Ne4 41. Bd3 Kg5 42. Rg4+ Kh5 43. Bxe4 dxe4 44. Re1 Rcf8 45. Re2 e3 46. Re4 Rf2+ 47. Kg3 Rxe2 48. Ne6 Rff2 49. Nf4+ Kg5 50. Nxe2 Rxe2 51. Kf3 Rh2 52. Kxe3 Rxh3+ 53. Kd2 Rb3 54. d5 Kf5 55. Re7 Rxb4 56. Kc3 Rb5 57. Kc4 g5 58. d6 Rb1 59. d7 Rd1 60. Kc5 g4 61. Kb6 Kf6 62. Rh7 g3 63. Rh4 Rxd7 64. Rg4 Rg7 65. Rf4+ Ke5 66. Rf1 g2 67. Rg1 Kf4 0-1

[Event "December 19 Early 2023"]
[Site "https://www.chess.com"]
[Date "2023.12.19"]
[Round "2"]
[White "Asish Panda"]
[Black "Martinez Ramirez, Lennis"]
[Result "1-0"]
[Board "80"]
[TimeControl "180+1"]
[WhiteFideId "45012458"]
[BlackFideId "3509079"]
[WhiteElo "1767"]
[BlackElo "2405"]
[WhiteTeam "IND"]
[BlackTeam "CUB"]
[WhiteClock "0:00:49"]
[BlackClock "0:00:00"]

1. e4 d6 2. g3 c5 3. Bg2 Nc6 4. Ne2 g6 5. O-O Bg7 6. c3 e5 7. Na3 Nge7 8. Nc2 d5 9. exd5 Nxd5 10. d4 cxd4 11. cxd4 Bg4 12. dxe5 Nde7 13. f3 Bf5 14. f4 Qxd1 15. Rxd1 Bxc2 16. Re1 O-O-O 17. Be3 Nf5 18. Bf2 Kb8 19. Rac1 Bd3 20. Nc3 Nfd4 21. Rcd1 Ba6 22. Kh1 h5 23. Ne4 Bc4 24. Nd6 Rxd6 25. exd6 Bxa2 26. Re4 Nf5 27. d7 Be6 28. Rxe6 fxe6 29. Bxc6 Kc7 30. Ba4 Bxb2 31. Bxa7 b6 32. Bxb6+ Kxb6 33. d8=Q+ Rxd8 34. Rxd8 Bd4 35. Bc2 1-0

[Event "December 19 Early 2023"]
[Site "https://www.chess.com"]
[Date "2023.12.19"]
[Round "2"]
[White "Schmakel, Sam"]
[Black "Sanchez Alvares, Kelvin Antonio"]
[Result "1-0"]
[Board "81"]
[TimeControl "180+1"]
[WhiteFideId "2039311"]
[BlackFideId "3906680"]
[WhiteElo "2356"]
[BlackElo "2217"]
[WhiteTeam "USA"]
[BlackTeam "VEN"]
[WhiteClock "0:00:50"]
[BlackClock "0:00:00"]

1. d4 d5 2. c4 c6 3. Nf3 Nf6 4. g3 Bf5 5. Bg2 e6 6. O-O Nbd7 7. Nc3 h6 8. Ne5 Bd6 9. Bf4 g5 10. Nxc6 Qc7 11. Nb5 Qxc6 12. Bxd6 a6 13. Nc7+ Kd8 14. Nxa8 Qxd6 15. c5 Qc6 16. Qb3 Ke7 17. Nb6 Nxb6 18. Qxb6 Rb8 19. b4 Nd7 20. Qxc6 bxc6 21. a3 f6 22. f3 e5 23. e4 Be6 24. dxe5 Nxe5 25. f4 Nc4 26. exd5 Bxd5 27. Bxd5 cxd5 28. Rae1+ Kd7 29. fxg5 fxg5 30. Rf6 a5 31. c6+ Kc7 32. Re7+ Kd8 33. c7+ Kxe7 34. cxb8=Q Kxf6 35. bxa5 Nxa5 36. Qb6+ 1-0

[Event "December 19 Early 2023"]
[Site "https://www.chess.com"]
[Date "2023.12.19"]
[Round "2"]
[White "Cattaneo, Marco"]
[Black "Halkias, Stelios"]
[Result "1-0"]
[Board "82"]
[TimeControl "180+1"]
[WhiteFideId "878332"]
[BlackFideId "4201809"]
[WhiteElo "2186"]
[BlackElo "2462"]
[WhiteTeam "ITA"]
[BlackTeam "GRE"]
[WhiteClock "0:00:13"]
[BlackClock "0:00:19"]

1. e4 e5 2. Nc3 Nf6 3. g3 Nc6 4. Bg2 Bc5 5. Nge2 d6 6. d3 h6 7. h3 Be6 8. Nd5 a6 9. c3 Ba7 10. b4 O-O 11. a4 Bxd5 12. exd5 Ne7 13. c4 a5 14. b5 Bc5 15. O-O Ng6 16. Kh2 Re8 17. Be3 Qd7 18. Bxc5 dxc5 19. Nc3 Re7 20. b6 Ne8 21. bxc7 Qxc7 22. Rb1 Nd6 23. Nb5 Nxb5 24. Rxb5 Nf8 25. Qd2 Ra6 26. Rfb1 b6 27. R5b2 Nd7 28. Qc3 Qd6 29. h4 Nf6 30. Qb3 h5 31. Qb5 Rea7 32. Qc6 Ng4+ 33. Kg1 Qd8 34. Rxb6 Rxb6 35. Qxb6 Rc7 36. d6 Rd7 37. Qxd8+ Rxd8 38. Rb6 Nf6 39. Be4 g6 40. Rc6 Kg7 41. Rxc5 Rxd6 42. Rxa5 Nxe4 43. dxe4 Kf6 44. Rd5 Rb6 45. Rb5 Rd6 46. a5 Rd1+ 47. Kg2 Ra1 48. Rb6+ Ke7 49. a6 Ra2 50. Rb7+ Kd6 51. a7 f5 52. exf5 gxf5 53. Kf1 e4 54. Rh7 Ke5 55. c5 Kd5 56. Rxh5 Rxa7 57. Rxf5+ Kd4 58. Kg2 Ra2 59. Kf1 Ra1+ 60. Kg2 Ra2 61. Kh3 Rc2 62. h5 e3 63. fxe3+ Ke4 64. Rf4+ Kxe3 65. h6 Rxc5 66. h7 Rc8 67. Rh4 Rh8 68. Kg2 Kd3 69. Kf3 Kc3 70. Ke4 Kd2 71. Kf5 Ke2 72. Kg6 Kf3 73. Kg7 Rb8 74. h8=Q Rxh8 75. Rxh8 Kxg3 76. Kf6 1-0